 Dungeon Crawl Stone Soup version 0.32-a0-576-g706899e69d (webtiles) character file.

Game seed: 12551168160199409827

1344 BeKind the Covered (level 8, -1/73 HPs)
             Began as a Minotaur Fighter on Mar 2, 2024.
             Slain by an unseen horror (2 damage)
             ... on level 5 of the Dungeon.
             The game lasted 00:04:53 (3334 turns).

BeKind the Covered (Minotaur Fighter)               Turns: 3334, Time: 00:04:53

Health: -1/73      AC:  9    Str: 26    XL:     8   Next: 36%
Magic:  7/7        EV: 10    Int: 11    God:
Gold:   105        SH: 14    Dex: 10    Spells: 7/7 levels left

rFire   + . .        a - +1 trident
rCold   + . .        u - +0 kite shield
rNeg    + . .        w - +3 leather armour {rPois}
rPois   +            (helmet restricted)
rElec   .            j - +0 cloak
rCorr   .            i - +0 pair of gloves
SInv    .            (no boots)
Will    .....        o - amulet of reflection Stlth
                     p - +6 ring of intelligence
HPRegen 0.32/turn    v - ring "Nuiq Teo" {rF+ rC+ rN+ Str+3 Stlth-}
MPRegen 0.10/turn

%: reflection
@: no status effects
A: horns 2, retaliatory headbutt, inability to read after injury 1
a: no special abilities


You were on level 5 of the Dungeon.
You visited 1 branch of the dungeon, and saw 5 of its levels.

You collected 105 gold pieces.

Inventory:

Hand Weapons
 a - a +1 trident (weapon)
Armour
 i - a +0 pair of gloves (worn)
 j - a +0 cloak (worn)
 u - a +0 kite shield (worn)
 w - a +3 leather armour of poison resistance (worn)
Jewellery
 o - an amulet of reflection (around neck)
 p - a +6 ring of intelligence (left hand)
 v - the ring "Nuiq Teo" (right hand) {rF+ rC+ rN+ Str+3 Stlth-}
   (You found it on level 4 of the Dungeon)

   [ring of positive energy]

   Str+3:     It affects your strength (+3).
   rF+:       It protects you from fire.
   rC+:       It protects you from cold.
   rN+:       It protects you from negative energy.
   Stlth-:    It makes you less stealthy.
Scrolls
 b - a scroll of silence {unknown}
 f - 4 scrolls of identify {unknown}
 m - 3 scrolls of teleportation {unknown}
 n - a scroll of blinking {unknown}
 q - a scroll of vulnerability {unknown}
 r - a scroll of amnesia {unknown}
 s - a scroll of revelation {unknown}
Potions
 c - 2 potions of attraction {unknown}
 d - 2 potions of might
 h - a potion of magic
 t - a potion of lignification {unknown}


   Skills:
 + Level 7.1 Fighting
 + Level 6.5 Polearms
 + Level 7.1 Armour
 + Level 7.1 Shields


You had 7 spell levels left.
You didn't know any spells.
Your spell library contained the following spells:

 Spells                   Type           Power      Damage    Failure   Level
 Shock                    Conj/Air       0%         1d3       58%         1
 Inner Flame              Hex/Fire       0%         N/A       91%         3
 Summon Ice Beast         Ice/Summ       0%         N/A       91%         3
 Swiftness                Air            0%         N/A       91%         3
 Airstrike                Air            0%         2d(0-16)  100%        4
 Flame Wave               Conj/Fire      0%         2d4       100%        4
 Sticky Flame             Fire/Alch      0%         2d4       100%        4
 Alistair's Intoxication  Alch           0%         N/A       100%        5
 Borgnjor's Vile Clutch   Necr/Erth      0%         N/A       100%        5
 Summon Mana Viper        Hex/Summ       0%         N/A       100%        5
 Eringya's Noxious Bog    Alch           0%         4d6       100%        6
 Monstrous Menagerie      Summ           0%         N/A       100%        7


Dungeon Overview and Level Annotations

Branches:
Dungeon (5/15)
 Temple: D:4-7

Altars:
Dithmenos
Sif Muna

Annotations:
D:5 2 runed translucent doors


Innate Abilities, Weirdness & Mutations

You have a pair of horns on your head.
You reflexively headbutt those who attack you in melee.
You occasionally lose the ability to read scrolls when taking damage.


Message History

There is a strange disturbance nearby!
There is a strange disturbance nearby!
You closely miss something. Your headbutt misses something.
You feel yourself speed up. Something hits you but does no damage.
Something hits you.
You barely miss something. Something hits you but does no damage.
You miss something. Something hits you. x2
You hit something. Something hits you. Something hits you!
Something hits you but does no damage.
Things that are here:
a +0 dagger; a +0 robe; an orc corpse You puncture something!
You headbutt something. Something hits you.
Something hits you but does no damage. You block something's attack.
Things that are here:
a +0 dagger; a +0 robe; an orc corpse You recover from your berserk rage.
Something hits you. Something hits you but does no damage.
Things that are here:
a +0 dagger; a +0 robe; an orc corpse Something hits you!
* * * LOW HITPOINT WARNING * * *
Something hits you.
* * * LOW HITPOINT WARNING * * *
Things that are here:
a +0 dagger; a +0 robe; an orc corpse It was a potion of haste.
You feel yourself speed up. You block something's attack. Something hits you!
* * * LOW HITPOINT WARNING * * *
Okay, then.
As you read the scroll labelled RANNAO SIFAMIPP, it crumbles to dust.
It is a scroll of enchant weapon.
Your +0 trident glows red for a moment.
It was a potion of cancellation.
Your magical effects are unravelling.
You feel magically purged.
You feel yourself slow down. Something hits you.
You die...

#.# #.....##.##.#.#..........
###.#####....................#...
#........###..######..######.....
#..#####.# #.## #### ##....
.....###.###.#. #....
#..#.........#. ## #....
#.)#..##.##<.#.##.# #....
#....[.#.##..#.#.## #..#.
##.......##..##.@.# #....
.....######...###'# ..##. ######
#.....).# ...##. ##.....## ..#..
. #####.# #.## #.+T.....
#.+...... #.#ß....ß #.##ß?[ß#


There were no monsters in sight!

Vanquished Creatures
  Sigmund (D:3)
  A wyvern (D:5)
  Eustachio (D:5)
  Menkaure (D:4)
  An orc warrior (D:5)
  An ogre (D:5)
  A scorpion (D:4)
  The ghost of kaiyo the Shield-Bearer, a weakling FoFi (D:3)
  2 hounds
  A jelly (D:4)
  A bombardier beetle (D:4)
  Jessica (D:3)
  A sleepcap (D:5)
  Terence (D:3)
  An iguana (D:4)
  4 orc wizards (D:5)
  5 adders
  A white imp (D:5)
  2 dart slugs
  A ribbon worm (D:2)
  3 orcs (D:5)
  5 bats
  6 endoplasms
  4 giant cockroaches
  9 hobgoblins
  11 jackals
  4 kobolds
  4 quokkas
  8 ball pythons
  3 frilled lizards (D:1)
  12 goblins
  9 rats
107 creatures vanquished.

Vanquished Creatures (others)
  A bombardier beetle (D:4)
1 creature vanquished.

Grand Total: 108 creatures vanquished

Notes
Turn   | Place    | Note
-------+----------+-------------------------------------------
     0 | D:1      | BeKind the Minotaur Fighter began the quest for the Orb.
     0 | D:1      | Reached XP level 1. HP: 19/19 MP: 0/0
   102 | D:1      | Reached XP level 2. HP: 26/27 MP: 1/1
   249 | D:1      | Reached XP level 3. HP: 33/33 MP: 2/2
   647 | D:2      | Reached XP level 4. HP: 41/41 MP: 3/3
  1022 | D:3      | Noticed Sigmund
  1027 | D:3      | Killed Sigmund
  1028 | D:3      | Reached skill level 5 in Fighting
  1028 | D:3      | Reached skill level 5 in Armour
  1028 | D:3      | Reached skill level 5 in Shields
  1028 | D:3      | Reached XP level 5. HP: 44/48 MP: 4/4
  1355 | D:3      | Noticed Jessica
  1361 | D:3      | Killed Jessica
  1362 | D:3      | Reached XP level 6. HP: 42/56 MP: 5/5
  1471 | D:3      | Noticed Terence
  1480 | D:3      | Killed Terence
  1496 | D:3      | Found a runed translucent gate.
  1501 | D:3      | Found a runed translucent gate.
  1501 | D:3      | Found a runed translucent gate.
  1501 | D:3      | Noticed kaiyo's ghost (weakling FoFi)
  1957 | D:3      | Killed kaiyo's ghost
  2058 | D:4      | Gained mutation: You occasionally lose the ability to read
                  | scrolls when taking damage. [potion of mutation]
  2246 | D:4      | Noticed Menkaure
  2253 | D:4      | Killed Menkaure
  2254 | D:4      | Reached XP level 7. HP: 52/62 MP: 6/6
  2336 | D:4      | Reached skill level 5 in Polearms
  2558 | D:4      | Identified the ring "Nuiq Teo" {rF+ rC+ rN+ Str+3 Stlth-}
  2818 | D:5      | Entered Level 5 of the Dungeon
  3005 | D:5      | Noticed Eustachio
  3020 | D:5      | Killed Eustachio
  3021 | D:5      | Reached XP level 8. HP: 62/71 MP: 7/7
  3146 | D:5      | Found a shadowy altar of Dithmenos.
  3224 | D:5      | Found a shimmering blue altar of Sif Muna.
  3267 | D:5      | Found a large runed translucent door.
  3268 | D:5      | Found a large runed translucent door.
  3272 | D:5      | Noticed a troll
  3276 | D:5      | Noticed a two-headed ogre
  3332 | D:5      | HP: 1/73 [something (9)]
  3334 | D:5      | Slain by an unseen horror

Illustrated notes

Levels and vault maps discovered:
D:1:      pf_arrival_petrified_forest, layout_rooms,
          hangedman_decor_clover_reticule, st_stairs_4, minmay_heptomino_w4
D:2:      layout_rooms, chequers_decorated_corner
D:3:      layout_basic, ebering_ghost_rock_garden, uniq_jessica, uniq_sigmund,
          uniq_terence
D:4:      layout_cave_pools, bh_walls_and_bars, uniq_menkaure
D:5:      layout_loops_cross, tgw_sif, overflow_temple_1_default,
          minmay_misc_feat_secret_circle, minmay_hollow_rounded_squares,
          uniq_ijyb, uniq_eustachio

Skill      XL: |  1  2  3  4  5  6  7  8 |
---------------+-------------------------+-----
Fighting       | 4 5 6 7 |  7.1
Armour         | 4 5 6 7 |  7.1
Shields        | 4 5 6 7 |  7.1
Polearms       | 3 4 6 |  6.5

Action                     |  1- 3 |  4- 6 |  7- 9 || total
---------------------------+-------+-------+-------++-------
  Melee: Trident           |   111 |    85 |   119 ||   315
         Headbutt          |    13 |    11 |    14 ||    38
    Use: Potion            |       |     5 |     4 ||     9
         Scroll            |       |       |     1 ||     1
 Armour: Scale mail        |    72 |    31 |    26 ||   129
         Leather armour    |       |       |    28 ||    28
  Dodge: Dodged            |    34 |    17 |    20 ||    71
  Block: Buckler           |    30 |    17 |     5 ||    52
         Kite shield       |       |       |    47 ||    47
         Reflection        |       |       |     2 ||     2

Table legend: (Time is in decaauts)
 A = Elapsed time spent in this place.
 B = Non-inter-level travel time spent in this place.
 C = Inter-level travel time spent in this place.
 D = Time resting spent in this place.
 E = Time spent auto-exploring this place.
 F = Levels seen in this place.
 G = Mean time per level.
                   A        B        C        D        E       F      G
               +--------+--------+--------+--------+--------+-----+--------+
         Total |   3396 |   3268 |    128 |     28 |   2534 |   5 |  679.2 |
       Dungeon |   3396 |   3268 |    128 |     28 |   2534 |   5 |  679.2 |
               +--------+--------+--------+--------+--------+-----+--------+

Top non-repeatable levels by time:
     D:3: 1029 daAuts
     D:4: 794 daAuts
     D:2: 536 daAuts
     D:5: 528 daAuts
     D:1: 508 daAuts
